 Dungeon Crawl Stone Soup version 0.21.1-1-g345015f (webtiles) character file.

111 empire the Magician (level 4, 0/32 HPs)
             Began as a Gnoll Wanderer on Mar 23, 2018.
             Slain by a worm (7 damage)
             ... on level 3 of the Dungeon.
             The game lasted 00:06:40 (2970 turns).

empire the Magician (Gnoll Wanderer)                Turns: 2970, Time: 00:06:41

Health: 0/32       AC:  9    Str: 14    XL:     4   Next: 92%
Magic:  13/13      EV:  9    Int: 16    God:
Gold:   96         SH:  0    Dex: 14    Spells: 16/17 levels left

rFire    . . .     SeeInvis .   b - +0 blowgun
rCold    . . .     Gourm    +   (no shield)
rNeg     . . .     Faith    .   j - +2 scale mail
rPois    .         Spirit   .   (no helmet)
rElec    .         Reflect  .   (no cloak)
rCorr    .         Harm     .   g - +0 pair of gloves
MR       .....                  (no boots)
Stlth    +.........             k - amulet of the gourmand
HPRegen  0.10/turn              (no ring)
MPRegen  0.13/turn              (no ring)

@: no status effects
A: distributed training, fangs 1, strong nose
a: no special abilities


You were on level 3 of the Dungeon.
You were not hungry.

You visited 1 branch of the dungeon, and saw 3 of its levels.

You collected 96 gold pieces.

Inventory:

Hand Weapons
 a - a +1 dagger
 b - a +0 blowgun (weapon)
 q - a +0 club
Missiles
 e - 17 poisoned needles (quivered)
 i - 22 arrows
 r - 29 bolts
Armour
 g - a +0 pair of gloves (worn)
 j - a +2 scale mail (worn)
 w - a +0 plate armour
Jewellery
 k - an amulet of the gourmand (around neck)
Scrolls
 h - 5 scrolls of identify
 m - a scroll of remove curse
 o - a scroll of fog {unknown}
 p - 2 scrolls of teleportation {unknown}
 s - a scroll of magic mapping
 v - a scroll of immolation {unknown}
Potions
 c - 2 potions of curing {unknown}
 l - a potion of heal wounds {unknown}
 n - a potion of might {unknown}
 t - a potion of resistance {unknown}
 u - a potion of degeneration {unknown}
Books
 d - the Compendium of Confrontation

   Spells                             Type                      Level
   a - Sting                          Conjuration/Poison           1
   b - Stone Arrow                    Conjuration/Earth            3
Comestibles
 f - 6 rations


   Skills:
 + Level 1.2 Fighting
 + Level 1.2 Short Blades
 + Level 1.2 Long Blades
 + Level 4.7 Axes
 + Level 1.2 Maces & Flails
 + Level 1.2 Polearms
 + Level 1.2 Staves
 + Level 1.2 Slings
 + Level 1.2 Bows
 + Level 1.2 Crossbows
 + Level 2.8 Throwing
 + Level 2.8 Armour
 + Level 1.2 Dodging
 + Level 2.6 Stealth
 + Level 1.2 Shields
 + Level 1.2 Unarmed Combat
 + Level 7.2 Spellcasting
 + Level 3.9 Conjurations
 + Level 1.0 Hexes
 + Level 1.0 Charms
 + Level 1.0 Summonings
 + Level 1.0 Necromancy
 + Level 1.0 Translocations
 + Level 1.0 Transmutations
 + Level 1.0 Fire Magic
 + Level 1.0 Ice Magic
 + Level 1.0 Air Magic
 + Level 1.0 Earth Magic
 + Level 1.0 Poison Magic
 + Level 1.4 Invocations
 + Level 1.2 Evocations


You had 16 spell levels left.
You knew the following spells:

 Your Spells              Type           Power        Failure   Level  Hunger
a - Sting                 Conj/Pois      ##..         19%         1    None


Dungeon Overview and Level Annotations

Branches:
Dungeon (3/15)

Altars:
Kikubaaqudgha
Yredelemnul


Innate Abilities, Weirdness & Mutations

Your experience applies equally to all skills.
You have very sharp teeth.
Your uncanny sense of smell can sniff out nearby items.


Message History

Firing (i - inventory):
e - 20 poisoned needles (quivered)
Press: ? - help, Shift-Dir - straight line, f/p - worm
Aim: a worm (lightly wounded, poisoned)
You shoot a poisoned needle. The poisoned needle hits the worm.
The worm looks even sicker.
The worm is lightly wounded.
Firing (i - inventory):
e - 19 poisoned needles (quivered)
Press: ? - help, Shift-Dir - straight line, f/p - worm
Aim: a worm (moderately wounded, poisoned)
You shoot a poisoned needle. The poisoned needle hits the worm.
The worm looks as sick as possible!
The worm is moderately wounded.
Firing (i - inventory):
e - 18 poisoned needles (quivered)
Press: ? - help, Shift-Dir - straight line, f/p - worm
Aim: a worm (severely wounded, poisoned)
You shoot a poisoned needle. The poisoned needle hits the worm.
The worm looks as sick as possible!
The worm is severely wounded.
The frilled lizard barely misses you. The worm bites you!
You die...

#.## ##......## #..##
#.###.## ..####..#######.#
#.# .................###.#
##..####.######...##.#####
##.# #.## ##.........#
#..###..## #..###.###..
.........####.## #.####.
.......@...##########...
......lw..##...†......##
......)(#..#..#.####.###
.......(####.####..##...
.......(####..#....##...
....###.(..#.###.)###...
###. ####l#.#.....#.... #
#.#.'.#.#.##...
..##########...


You could see a worm and a frilled lizard.

Vanquished Creatures
  4 adders
  A worm (D:2)
  A dart slug (D:1)
  3 leopard geckos
  5 giant cockroaches
  9 goblins
  12 hobgoblins
  2 jackals (D:2)
  A quokka (D:2)
  10 bats
  A frilled lizard (D:1)
  4 kobolds
  10 rats
63 creatures vanquished.

Notes
Turn   | Place    | Note
-------+----------+-------------------------------------------
     0 | D:1      | empire the Gnoll Wanderer began the quest for the Orb.
     0 | D:1      | empire set off with: a +2 scale mail, the Compendium of Confrontation, 7 poisoned needles, a +0 blowgun, a ration
     0 | D:1      | Reached XP level 1. HP: 13/13 MP: 8/8
   173 | D:1      | Reached XP level 2. HP: 19/19 MP: 10/10
   180 | D:1      | Identified the Compendium of Confrontation
   182 | D:1      | Learned a level 1 spell: Sting
   779 | D:1      | Reached XP level 3. HP: 25/25 MP: 11/11
  1349 | D:2      | Reached skill level 1 in Invocations
  1604 | D:2      | HP: 1/25 [worm (9)]
  2000 | D:2      | Reached skill level 1 in Fighting
  2000 | D:2      | Reached skill level 1 in Short Blades
  2000 | D:2      | Reached skill level 1 in Long Blades
  2000 | D:2      | Reached skill level 1 in Maces & Flails
  2000 | D:2      | Reached skill level 1 in Polearms
  2000 | D:2      | Reached skill level 1 in Staves
  2000 | D:2      | Reached skill level 1 in Slings
  2000 | D:2      | Reached skill level 1 in Bows
  2000 | D:2      | Reached skill level 1 in Crossbows
  2000 | D:2      | Reached skill level 1 in Dodging
  2000 | D:2      | Reached skill level 1 in Shields
  2000 | D:2      | Reached skill level 1 in Unarmed Combat
  2000 | D:2      | Reached skill level 1 in Evocations
  2000 | D:2      | Reached XP level 4. HP: 27/32 MP: 13/13
  2163 | D:2      | Found an ancient bone altar of Kikubaaqudgha.
  2278 | D:2      | Found a basalt altar of Yredelemnul.
  2432 | D:3      | Reached skill level 1 in Hexes
  2432 | D:3      | Reached skill level 1 in Charms
  2432 | D:3      | Reached skill level 1 in Summonings
  2432 | D:3      | Reached skill level 1 in Necromancy
  2432 | D:3      | Reached skill level 1 in Translocations
  2432 | D:3      | Reached skill level 1 in Transmutations
  2432 | D:3      | Reached skill level 1 in Fire Magic
  2432 | D:3      | Reached skill level 1 in Ice Magic
  2432 | D:3      | Reached skill level 1 in Air Magic
  2432 | D:3      | Reached skill level 1 in Earth Magic
  2432 | D:3      | Reached skill level 1 in Poison Magic
  2970 | D:3      | Slain by a worm

Skill      XL: |  1  2  3  4 |
---------------+-------------+-----
Invocations    | 1 |  1.4
Fighting       | 1 |  1.2
Short Blades   | 1 |  1.2
Long Blades    | 1 |  1.2
Maces & Flails | 1 |  1.2
Polearms       | 1 |  1.2
Staves         | 1 |  1.2
Slings         | 1 |  1.2
Bows           | 1 |  1.2
Crossbows      | 1 |  1.2
Dodging        | 1 |  1.2
Shields        | 1 |  1.2
Unarmed Combat | 1 |  1.2
Evocations     | 1 |  1.2
Hexes          | 1 |  1.0
Charms         | 1 |  1.0
Summonings     | 1 |  1.0
Necromancy     | 1 |  1.0
Translocations | 1 |  1.0
Transmutations | 1 |  1.0
Fire Magic     | 1 |  1.0
Ice Magic      | 1 |  1.0
Air Magic      | 1 |  1.0
Earth Magic    | 1 |  1.0
Poison Magic   | 1 |  1.0
Axes           | |  4.7
Throwing       | |  2.8
Armour         | |  2.8
Stealth        | |  2.6
Spellcasting   | |  7.2
Conjurations   | |  3.9

Action                   |  1- 3 |  4- 6 || total
-------------------------+-------+-------++-------
Melee: Unarmed           |     9 |       ||     9
       Club              |   153 |       ||   153
       Bite              |    22 |    12 ||    34
       Dagger            |    42 |   133 ||   175
 Fire: Blowgun           |    19 |     6 ||    25
  Use: Scroll            |     5 |       ||     5
       Potion            |       |     1 ||     1
  Eat: Chunk             |     4 |     6 ||    10
Armor: Scale mail        |   153 |    80 ||   233
Dodge: Dodged            |   131 |    73 ||   204
